 Dungeon Crawl Stone Soup version 0.29.0 (webtiles) character file.

Game seed: 11027893023586803866

75 zenocrate the Insei (level 4, -2/30 HPs)
             Began as an Octopode Transmuter on Aug 25, 2022.
             Was a Follower of Cheibriados.
             Slain by a goblin
             ... wielding a +0 dagger
              (4 damage)
             ... on level 4 of the Dungeon.
             The game lasted 00:03:25 (3499 turns).

zenocrate the Insei (Octopode Transmuter)           Turns: 3499, Time: 00:03:26

Health: -2/30      AC:  1    Str: 11    XL:     4   Next: 31%
Magic:  6/7        EV:  7    Int: 17    God:    Cheibriados [*.....]
Gold:   103        SH:  0    Dex: 16    Spells: 1/7 levels left

rFire   . . .      SeeInvis .     - Unarmed
rCold   . . .      Faith    .   (no shield)
rNeg    . . .      Spirit   .   (helmet currently unavailable)
rPois   .          Reflect  .   (no amulet)
rElec   .          Harm     .   (no ring)
rCorr   .          Rampage  .   (no ring)
Will    .....                   (no ring)
Stlth   +++.......              (no ring)
HPRegen 0.10/turn               (no ring)
MPRegen 0.10/turn               (no ring)
                                (no ring)
                                (no ring)

@: appendages, weakened, held, very slow
A: tentacle spike 3, almost no armour, amphibious, 8 rings, camouflage 1,
gelatinous body 1, (nimble swimmer 1), tentacles
a: End Transformation, Renounce Religion, Bend Time


You were on level 4 of the Dungeon.
You worshipped Cheibriados.
Cheibriados was aware of your devotion.
One of your tentacles had grown a beastly spike.
You visited 1 branch of the dungeon, and saw 4 of its levels.

You collected 103 gold pieces.

Inventory:

Jewellery
 a - an amulet of regeneration
 c - a +4 ring of protection
Scrolls
 b - a scroll of poison {unknown}
 d - 2 scrolls of amnesia {unknown}
 e - 2 scrolls of brand weapon {unknown}
 f - 2 scrolls of fear {unknown}
 g - 4 scrolls of teleportation
 k - 2 scrolls of enchant armour {unknown}
 o - a scroll of vulnerability {unknown}
Potions
 h - a potion of brilliance
 i - a potion of heal wounds {unknown}
 j - a potion of invisibility
 l - a potion of curing
 m - a potion of magic
 n - a potion of degeneration {unknown}
 p - a potion of lignification


   Skills:
 + Level 2.7 Fighting
 - Level 2.0 Dodging
 - Level 1.1 Stealth
 + Level 4.1 Unarmed Combat
 - Level 2.0 Spellcasting
 - Level 2.0 Transmutations


You had one spell level left.
You knew the following spells:

 Your Spells              Type           Power      Damage    Failure   Level
a - Beastly Appendage     Tmut           16%        N/A       9%          1
b - Wereblood             Tmut           8%         N/A       13%         2
c - Spider Form           Tmut/Pois      5%         N/A       36%         3

Your spell library contained the following spells:

 Spells                   Type           Power      Damage    Failure   Level
 Sandblast                Erth           2%         2d4       19%         1
 Passwall                 Tmut/Erth      4%         N/A       19%         2
 Dazzling Flash           Conj/Hex       2%         N/A       50%         3
 Stone Arrow              Conj/Erth      2%         3d7       50%         3
 Ice Form                 Ice/Tmut       5%         N/A       77%         4
 Passage of Golubria      Tloc           1%         N/A       88%         4
 Agony                    Necr           1%         N/A       99%         5
 Silence                  Hex/Air        0%         N/A       99%         5
 Lehudib's Crystal Spear  Conj/Erth      0%         10d2      100%        8


Dungeon Overview and Level Annotations

Branches:
Dungeon (4/15)
 Temple: D:4-7

Altars:
Cheibriados

Shops:
D:2 (   D:3 =


Innate Abilities, Weirdness & Mutations

One of your tentacles has grown a beastly spike.
You cannot wear most types of armour.
You are amphibious.
You can wear up to eight rings at the same time.
Your skin changes colour to match your surroundings (Stealth+).
Your rubbery body absorbs attacks. (AC +1, EV +1)
((You are camouflaged when in or above water. (Stealth+)))
You have tentacles for arms and can constrict up to eight enemies at once.


Message History

l - a potion of curing
As you read the scroll of identify, it crumbles to dust.
m - a potion of magic
Okay, then.
i - a dark potion You see here a +0 whip.
Done exploring.
Done exploring.
Done exploring.
Done exploring.
Okay, then.
There is a stone staircase leading down here.
You climb downwards.
The goblin shouts!
The gnoll shouts!
The gnoll bouda shouts!
The jackal barks!
The gnoll shouts!
You hear a bark! x2
Found 8 stones and a halberd.
Found a stone staircase leading down.
There is a stone staircase leading up here.
Unknown command.
Casting: Wereblood (safe; 13% risk of failure)
Confirm with . or Enter, or press ? or * to list all spells.
One of your tentacles grows a vicious spike.
The gnoll throws a throwing net.
The throwing net hits you.
You become entangled in the net!
The goblin hits you with a +0 dagger.
The gnoll bouda barks out a call to the hunt!
The gnolls pick up the pace!
You struggle against the net.
The goblin hits you with a +0 dagger.
There are no objects that can be picked up here. a throwing net You struggle against the net.
A jackal comes into view. x2
The gnoll hits you from afar with a +0 spear!
The gnoll hits you from afar with a +0 halberd!
* * * LOW HITPOINT WARNING * * *
The jackal bites you.
* * * LOW HITPOINT WARNING * * *
A jackal comes into view.
The gnoll bouda gazes fiercely through you!
You feel your attacks grow feeble. The goblin hits you with a +0 dagger.
You die...

#. )..
#..#
#####..#.
#......>.
#........
#..g.....
#@gg(...#
#h.g.....
#..g....#
#.......#
#h.......
.h......#
h.......#
........#


You could see a gnoll bouda, 3 gnolls, 4 jackals and a goblin.

Vanquished Creatures
  An adder (D:3)
  4 orcs (D:3)
  3 endoplasms (D:3)
  2 giant cockroaches
  7 goblins
  8 hobgoblins
  2 jackals (D:1)
  5 quokkas
  3 ball pythons
  4 bats
  7 frilled lizards
  6 kobolds
  6 rats
58 creatures vanquished.

Notes
Turn   | Place    | Note
-------+----------+-------------------------------------------
     0 | D:1      | zenocrate the Octopode Transmuter began the quest for the
                  | Orb.
     0 | D:1      | Reached XP level 1. HP: 13/13 MP: 3/3
   191 | D:1      | Reached skill level 1 in Stealth
   490 | D:1      | Reached XP level 2. HP: 18/18 MP: 3/5
   496 | D:1      | Learned a level 2 spell: Wereblood
  1474 | D:2      | Reached XP level 3. HP: 17/24 MP: 2/6
  2086 | D:2      | Found Vostroup's Weapon Emporium.
  2390 | D:3      | Learned a level 3 spell: Spider Form
  2594 | D:3      | Reached XP level 4. HP: 13/30 MP: 4/7
  2642 | D:3      | Reached skill level 4 in Unarmed Combat
  2917 | D:3      | Found Dymixute's Jewellery Emporium.
  2918 | D:3      | Found a faded altar of an unknown god.
  2928 | D:3      | Prayed at the altar of an unknown god.
  2928 | D:3      | Became a worshipper of Cheibriados the Contemplative
  2928 | D:3      | Reached * piety under Cheibriados
  3499 | D:4      | Slain by a goblin

Illustrated notes

Levels and vault maps discovered:
D:1:      onia_arrival_pyramid, layout_loops_corners,
          chequers_serial_rivers_large_b, minmay_misc_feat_four_crosses,
          kennysheep_flooded_box
D:2:      layout_basic, serial_shops, shop, st_stairs_3,
          hangedman_decor_opposing
D:3:      layout_loops_ring, serial_shops, shop, basic_ecumenical_altar
D:4:      layout_rooms

Skill      XL: |  1  2  3  4 |
---------------+-------------+-----
Stealth        | 1 |  1.1
Fighting       | 2 |  2.7
Unarmed Combat | 4 |  4.1
Dodging        | |  2.0
Spellcasting   | |  2.0
Transmutations | |  2.0

Action                   |  1- 3 |  4- 6 || total
-------------------------+-------+-------++-------
Melee: Unarmed           |   102 |    13 ||   115
       Tentacles         |    14 |     3 ||    17
       Kick              |    25 |     5 ||    30
       Constrict         |    26 |     4 ||    30
       Punch             |       |     1 ||     1
 Cast: Beastly Appendage |    33 |     9 ||    42
       Wereblood         |    22 |     6 ||    28
  Use: Potion            |     1 |       ||     1
       Scroll            |     1 |     4 ||     5
 Stab: Sleeping          |     4 |     3 ||     7
Armor: Skin              |    19 |     2 ||    21
Dodge: Dodged            |    65 |     5 ||    70
